 Dungeon Crawl Stone Soup version 0.26.1-11-gd32895ea62 (webtiles) character file.

Game seed: 15307535548755306449

249827 bnorton916 the Impregnable (level 19, -3/190 HPs)
             Began as a Minotaur Berserker on July 10, 2021.
             Was the Champion of Trog.
             Killed by divine providence
             ... invoked by a deep elf high priest
              (12 damage)
             ... on level 3 of the Elven Halls.
             The game lasted 01:21:11 (46896 turns).

bnorton916 the Impregnable (Minotaur Berserker)    Turns: 46896, Time: 01:21:12

Health: -3/190     AC: 32    Str: 28      XL:     19   Next: 28%
Magic:  18/18      EV: 13    Int:  2 (3)  God:    Trog [******]
Gold:   938        SH:  0    Dex: 14      Spells: 18/18 levels left

rFire    + . .     SeeInvis .   J - +9 executioner's axe (flame)
rCold    . . .     Faith    .   (shield currently unavailable)
rNeg     + . .     Spirit   .   l - +0 plate armour {rPois}
rPois    +         Reflect  .   P - +1 hat {Will+}
rElec    +         Harm     .   b - +2 cloak {rCorr}
rCorr    +         Rampage  .   G - +2 pair of gloves {Dex+3}
Will     ++...                  h - +1 pair of boots
Stlth    ..........             j - amulet "Xirru" {rElec Regen+ Str+2 Int-4 Stlth+}
HPRegen  0.81/turn              U - ring "Jamof" {rF+ rN+}
MPRegen  0.16/turn              W - +4 ring of slaying

@: lethally poisoned (-3 -> -4), slowed, lost intelligence, very slow
A: retaliatory headbutt, horns 2
}: 1/15 runes: gossamer
a: Renounce Religion, Berserk, Trog's Hand, Brothers in Arms


You were on level 3 of the Elven Halls.
You worshipped Trog.
Trog was exalted by your worship.
You visited 8 branches of the dungeon, and saw 33 of its levels.
You visited the Abyss 1 time.
You also visited: Ice Cave.

You collected 3115 gold pieces.
You spent 2177 gold pieces at shops.

Inventory:

Hand Weapons
 J - a +9 executioner's axe of flaming (weapon)
 Q - a +1 vorpal broad axe
 X - a +5 executioner's axe
Armour
 b - a +2 cloak of preservation (worn)
 h - a +1 pair of boots (worn)
 l - a +0 plate armour of poison resistance (worn)
 G - a +2 pair of gloves of dexterity (worn)
 P - a +1 hat of willpower (worn)
 Y - a +3 plate armour of cold resistance
Jewellery
 j - the amulet "Xirru" (around neck) {rElec Regen+ Str+2 Int-4 Stlth+}
   (You acquired it on level 2 of the Orcish Mines)

   [amulet of regeneration]

   It affects your strength (+2).
   It affects your intelligence (-4).
   It insulates you from electricity.
   It increases your rate of regeneration.
   It makes you more stealthy.
 k - an uncursed ring of ice
 s - a +6 ring of dexterity
 w - an uncursed ring of willpower
 S - an uncursed ring of willpower
 U - the ring "Jamof" (left hand) {rF+ rN+}
   (You found it on level 6 of the Lair of Beasts)

   [ring of positive energy]

   It protects you from fire.
   It protects you from negative energy.
 W - a +4 ring of slaying (right hand)
Wands
 a - a wand of iceblast (18)
 d - a wand of random effects (35)
 g - a wand of polymorph (11)
 m - a wand of enslavement (29)
 q - a wand of disintegration (33)
 u - a wand of flame (10)
 y - a wand of paralysis (8)
 D - a wand of digging (3)
 I - a wand of acid (20)
Scrolls
 c - 16 scrolls of teleportation
 e - 6 scrolls of enchant weapon
 i - 3 scrolls of fog
 o - 13 scrolls of remove curse
 p - 4 scrolls of enchant armour
 A - a scroll of noise
 H - 2 scrolls of fear
 L - a scroll of magic mapping
 M - 3 scrolls of blinking
 N - a scroll of brand weapon {unknown}
 O - 4 scrolls of identify
 R - a scroll of torment
 V - 3 scrolls of vulnerability
Potions
 f - 4 potions of ambrosia
 n - 8 potions of haste
 r - 3 potions of flight
 t - 2 potions of cancellation
 v - a potion of heal wounds
 x - 4 potions of mutation
 z - 5 potions of might
 B - 5 potions of curing
 C - 3 potions of resistance
 E - a potion of invisibility
 F - 2 potions of berserk rage
 K - 4 potions of lignification
 Z - a potion of experience
Miscellaneous
 T - a condenser vane


   Skills:
 + Level 21.5 Fighting
 + Level 21.5 Axes
 - Level 23.0 Armour
 - Level 7.0 Dodging
 - Level 3.0 Stealth


You had 18 spell levels left.
You didn't know any spells.
Your spell library was empty.

Dungeon Overview and Level Annotations

Branches:
Dungeon (15/15)            Temple (1/1) D:7            Lair (6/6) D:8
 Shoals (1/4) Lair:2       Spider (4/4) Lair:2        Slime (0/5) Lair:6
    Orc (2/2) D:9             Elf (3/3) Orc:2        Vaults (1/5) D:13
 Depths (0/5) D:15          IceCv (visited)

Altars:
Fedhas
Kikubaaqudgha
Qazlal
Ru
Sif Muna
Trog
Uskayaw
Yredelemnul
Beogh

Shops:
D:5 =   D:6 *   D:7 =   D:9 ?   D:12 [*   D:13 [?([   D:14 :   D:15 }
Orc:2 **?[   Elf:3 (:

Annotations:
Elf:2 3 runed translucent doors
Abyss:1 Duvessa


Innate Abilities, Weirdness & Mutations

You reflexively headbutt those who attack you in melee.
You have a pair of horns on your head.


Message History

The deep elf sorcerer points at you and mumbles some strange words.
The bolt of acid hits you! You resist.
* * * LOW HITPOINT WARNING * * *
You are splashed with acid!
You resist.
* * * LOW HITPOINT WARNING * * *
The balrug hits you but does no damage.
The deep elf annihilator casts a spell at you.
The poison arrow hits you!
You are poisoned.
You partially resist.
* * * LOW HITPOINT WARNING * * *
The deep elf sorcerer gestures at you while chanting.
The bolt of acid misses you.
The deep elf demonologist hits you but does no damage.
The balrug gestures at you. The bolt of fire hits you. You resist.
* * * LOW HITPOINT WARNING * * *
The deep elf high priest calls down the wrath of its god upon you.
Something smites you!
You die...

.##..###.#....##..))......#
......#.#.....().(§..#####
#..#.........#.§..###
#......e.....######
#.......e.§..# ##..)...e4..#
#.##.###4§.# #.##.##2ee1#
########.##.#.e@4.##
#........##........####
#.#####..##...........######
#.# #..#....#............#
#.#####................###.#
#.#..........#.(.......##
##.#.###.##..#...........#
.........###.#...........# #
##.#.##### #.#...........#
.#


You could see a Brimstone Fiend (summoned), a balrug (summoned), a deep elf
annihilator (empowered), a deep elf sorcerer (fast, empowered), a deep elf
demonologist (empowered), a deep elf high priest (brilliance aura), an ice devil
(summoned) and 2 chaos spawn.

Vanquished Creatures
  Arachne (Spider:3)
  A deep elf blademaster (Elf:3)
  2 deep elf master archers (Elf:3)
  Frances (D:14)
  Agnes (D:15)
  Roxanne (D:15)
  3 deep elf sorcerers
  5 emperor scorpions
  6 ghost moths
  2 deep elf elementalists (Elf:3)
  2 deep elf annihilators
  4 entropy weavers
  2 deep elf demonologists
  Nessos (D:12)
  3 spark wasps (Spider:4)
  3 deep elf death magi
  A yaktaur captain (D:13)
  Josephine (D:11)
  Erolcha (Orc:1)
  A deep elf high priest (Elf:1)
  5 boulder beetles
  7 hydras
  Erica (Lair:1)
  8 dancing weapons
  6 centaur warriors
  2 tengu warriors (D:14)
  4 two-headed ogres
  14 death yaks (Lair:5)
  14 deep elf knights
  3 unseen horrors
  2 sea snakes
  4 deep elf archers
  A glowing orange brain (D:15)
  A harpy (Lair:6)
  2 orc knights
  20 orb spiders
  A necromancer (IceCv)
  27 wolf spiders
  4 cyclopes
  6 orc sorcerers
  38 deep elf magi
  3 oklob plants (Lair:5)
  10 ugly things
  A manticore (D:15)
  15 elephants
  Psyche (D:8)
  4 ice statues (IceCv)
  4 black mambas
  A torpor snail (Spider:4)
  Joseph (D:7)
  A water nymph (Shoals:1)
  A water nymph (shapeshifter) (D:15)
  13 cane toads
  A gargoyle (D:15)
  6 rime drakes
  9 komodo dragons
  2 yaktaurs (D:13)
  A harpy zombie (D:15)
  14 demonic crawlers
  5 ice devils (IceCv)
  A merfolk (Shoals:1)
  28 jumping spiders
  3 meliai (D:10)
  A queen bee (Spider:1)
  5 trolls
  A wind drake (Lair:6)
  3 polar bears (Lair:6)
  Grinder (D:4)
  8 hornets
  11 dream sheep
  14 slime creatures
  12 blink frogs
  A shadow (D:14)
  An air elemental (Elf:1)
  90 redbacks
  46 tarantellas
  A water elemental (Elf:2)
  8 wyverns
  7 wraiths
  A yak (shapeshifter) (D:15)
  70 yaks
  2 tarantellas (shapeshifter) (D:15)
  2 hogs (D:12)
  2 fire elementals
  A human (shapeshifter) (D:15)
  A yaktaur simulacrum (Vaults:1)
  5 basilisks
  4 vampire mosquitoes (D:12)
  6 wargs
  Edmund (D:4)
  A soldier ant (D:12)
  9 water moccasins
  2 ice beasts
  7 black bears
  A hornet zombie (D:15)
  30 orc warriors
  5 sky beasts
  An eye of draining (D:11)
  4 phantoms
  An eye of draining (shapeshifter) (Elf:1)
  9 ogres
  23 centaurs
  13 wolves
  5 big kobolds
  Blork the orc (D:5)
  17 bullfrogs
  Dowan (D:5)
  5 scorpions
  25 killer bees
  12 wights
  5 howler monkeys
  10 electric eels
  3 lava snakes (Lair:3)
  2 centaur zombies
  A draconian simulacrum (IceCv)
  2 quasits
  2 bullfrog zombies
  9 jellies
  A gnoll shaman (D:5)
  18 orc priests
  14 hounds
  4 bullfrog skeletons
  Jessica (D:2)
  4 centaur skeletons
  2 iguanas
  8 worker ants
  52 orc wizards
  A troll simulacrum (IceCv)
  3 spriggan simulacra (IceCv)
  A centaur simulacrum (IceCv)
  4 hound skeletons
  16 adders
  13 gnolls
  2 naga simulacra (IceCv)
  2 ogre simulacra (IceCv)
  3 shadow imps
  15 white imps
  5 oozes
  3 adder skeletons
  10 worms
  A dart slug (D:3)
  4 leopard geckos
  143 orcs
  7 bats
  3 giant cockroaches
  7 goblins
  7 hobgoblins
  8 jackals
  6 quokkas
  2 ball pythons
  5 frilled lizards
  A giant cockroach zombie (D:4)
  38 kobolds
  A quokka zombie (D:5)
  8 rats
  A plant (D:12)
1272 creatures vanquished.

Vanquished Creatures (collateral kills)
  An emperor scorpion (Spider:4)
  A merfolk avatar (Lair:6)
  A catoblepas (Lair:5)
  A death yak (Lair:5)
  A torpor snail (Lair:3)
  An ice devil (IceCv)
  A yak (Lair:3)
7 creatures vanquished.

Vanquished Creatures (others)
  Kirke (D:12)
  A deep elf annihilator (Elf:3)
  2 deep elf magi (Elf:1)
  A demonic crawler (Spider:4)
  A jumping spider (Spider:2)
  A wyvern (D:12)
  4 humans (D:12)
  A centaur (D:12)
  An orc priest (Orc:1)
  2 orc wizards
  An iguana (D:12)
  3 orcs (D:12)
  35 fungi
  62 plants
116 creatures vanquished.

Grand Total: 1395 creatures vanquished

Notes
Turn   | Place    | Note
-------+----------+-------------------------------------------
     0 | D:1      | bnorton916 the Minotaur Berserker began the quest for the
                  | Orb.
     0 | D:1      | Reached XP level 1. HP: 19/19 MP: 0/0
   271 | D:1      | Reached XP level 2. HP: 27/27 MP: 1/1
   328 | D:1      | Lost intelligence.
   668 | D:1      | Reached skill level 3 in Armour
   833 | D:1      | Reached XP level 3. HP: 33/33 MP: 2/2
  1302 | D:2      | Found a shimmering blue altar of Sif Muna.
  1334 | D:2      | Reached ** piety under Trog
  1335 | D:2      | Reached XP level 4. HP: 38/41 MP: 3/3
  1420 | D:2      | Noticed Jessica
  1425 | D:2      | Killed Jessica
  2070 | D:3      | Reached XP level 5. HP: 47/47 MP: 4/4
  2325 | D:3      | Reached skill level 4 in Armour
  2366 | D:3      | Found an ancient bone altar of Kikubaaqudgha.
  2369 | D:3      | Found a sacrificial altar of Ru.
  2372 | D:3      | Found a blossoming altar of Fedhas.
  2384 | D:3      | Found a basalt altar of Yredelemnul.
  2967 | D:4      | Reached skill level 5 in Fighting
  2967 | D:4      | Reached skill level 5 in Axes
  2969 | D:4      | Noticed a phantom
  2977 | D:4      | Killed a phantom
  2978 | D:4      | Reached XP level 6. HP: 56/56 MP: 5/5
  3030 | D:4      | Reached *** piety under Trog
  3324 | D:4      | Noticed Edmund
  3335 | D:4      | Killed Edmund
  3427 | D:4      | Reached skill level 5 in Armour
  3427 | D:4      | Reached XP level 7. HP: 62/62 MP: 6/6
  3725 | D:4      | Noticed Grinder
  3735 | D:4      | Paralysed by Grinder for 2 turns
  3741 | D:4      | Paralysed by Grinder for 2 turns
  3745 | D:4      | Killed Grinder
  3746 | D:4      | Reached skill level 5 in Dodging
  4339 | D:5      | Entered Level 5 of the Dungeon
  4592 | D:5      | Reached skill level 6 in Armour
  4592 | D:5      | Reached XP level 8. HP: 52/71 MP: 7/7
  4823 | D:5      | Found Akhlioss's Jewellery Emporium.
  4823 | D:5      | Noticed Blork the orc
  4835 | D:5      | Killed Blork the orc
  4990 | D:5      | Noticed Duvessa
  5000 | D:5      | Banished Duvessa
  5516 | D:5      | Noticed Dowan
  5520 | D:5      | Killed Dowan
  5719 | D:6      | Reached **** piety under Trog
  5811 | D:6      | Reached skill level 7 in Armour
  5987 | D:6      | Reached XP level 9. HP: 40/80 MP: 8/8
  6651 | D:6      | Found Zyeluunloruc's General Store.
  6659 | D:6      | Bought a +2 cloak of preservation for 301 gold pieces
  6666 | D:6      | Bought a scroll of identify for 28 gold pieces
  6892 | D:7      | Reached skill level 8 in Armour
  6954 | D:7      | Found a staircase to the Ecumenical Temple.
  6965 | Temple   | Entered the Ecumenical Temple
  7160 | D:7      | Noticed Joseph
  7171 | D:7      | Killed Joseph
  7171 | D:7      | Reached ***** piety under Trog
  7327 | D:7      | Reached skill level 9 in Armour
  7866 | D:7      | Found Ysuog's Jewellery Shop.
  7876 | D:7      | Got a thick robe
  7918 | D:7      | Found a stormy altar of Qazlal.
  8349 | D:8      | Reached XP level 10. HP: 67/93 MP: 9/9
  8684 | D:8      | Reached skill level 10 in Fighting
  8715 | D:8      | Reached skill level 10 in Axes
  9229 | D:8      | Reached skill level 10 in Armour
  9257 | D:8      | Received a gift from Trog
  9412 | D:8      | Got a crystal rapier {god gift}
  9414 | D:8      | Identified the +6 rapier of Qunyqun {vorpal, +Rage Str-2
                  | Dex+6 Stlth+} (Trog gifted it to you on level 8 of the
                  | Dungeon)
  9543 | D:8      | Found a staircase to the Lair.
  9825 | D:8      | Noticed a two-headed ogre
  9838 | D:8      | Killed a two-headed ogre
 10193 | D:8      | Noticed Psyche
 10199 | D:8      | Killed Psyche
 10200 | D:8      | Reached skill level 11 in Armour
 10267 | D:8      | Found a bloodstained altar of Trog.
 10323 | Lair:1   | Entered Level 1 of the Lair of Beasts
 10323 | Lair:1   | Noticed Erica
 10338 | D:8      | Reached XP level 11. HP: 22/102 MP: 10/10
 10590 | D:8      | Identified the cursed +1 robe "Itaas" {Harm Will+++ Regen+
                  | Dex-5} (You found it on level 7 of the Dungeon)
 10660 | D:9      | Found Nyunubb's Magic Scroll Emporium.
 10663 | D:9      | Bought a scroll of magic mapping for 52 gold pieces
 10663 | D:9      | Bought 2 scrolls of identify for 60 gold pieces
 10663 | D:9      | Bought a scroll of identify for 30 gold pieces
 10728 | Lair:1   | Killed Erica
 11207 | Lair:1   | Noticed a four-headed hydra
 11216 | Lair:1   | Killed a two-headed hydra
 12001 | Lair:2   | Found a frozen archway.
 12233 | IceCv    | Entered an ice cave
 12466 | IceCv    | Reached skill level 12 in Armour
 12883 | IceCv    | HP: 5/105 [something] (11)]
 16412 | IceCv    | Identified the +4 dagger "Adenk" {antimagic, +Rage}
 16412 | IceCv    | Noticed a necromancer
 16437 | IceCv    | Killed a necromancer
 16940 | IceCv    | Got a twisted shortbow
 17155 | Lair:2   | Identified the +4 shortbow of Law {freeze, rElec Dex+2}
                  | (You found it in an ice cave)
 17198 | Lair:2   | Noticed a wolf spider
 17215 | Lair:2   | Killed a wolf spider
 17216 | Lair:2   | Reached skill level 1 in Stealth
 17216 | Lair:2   | Reached XP level 12. HP: 48/115 MP: 11/11
 17776 | Lair:2   | Found a staircase to the Shoals.
 17787 | Lair:2   | Noticed a seven-headed hydra
 17795 | Lair:2   | Killed a three-headed hydra
 18104 | Lair:2   | Found a hole to the Spider Nest.
 18512 | Lair:3   | Reached skill level 13 in Armour
 18516 | Lair:3   | Received a gift from Trog
 19076 | Lair:3   | Found a runed translucent door.
 19177 | Lair:3   | Identified a scroll of acquirement
 19178 | Lair:3   | Acquired a manual of Armour
 19244 | Lair:3   | You fall into a shaft and drop 1 floor!
 19269 | Lair:4   | Noticed a five-headed hydra
 19583 | Lair:3   | Killed a two-headed hydra
 20454 | Lair:3   | Reached skill level 14 in Armour
 21191 | Lair:3   | Got a dazzling whip
 21203 | Lair:3   | Noticed a boulder beetle
 21222 | Lair:3   | Identified the cursed +1 whip of Invincibility {drain,
                  | rElec rC+ Dex+2} (You found it on level 3 of the Lair of
                  | Beasts)
 21264 | Lair:3   | Killed a boulder beetle
 21825 | Lair:4   | Reached skill level 15 in Armour
 21832 | Lair:4   | Reached XP level 13. HP: 107/125 MP: 12/12
 22008 | Lair:4   | Received a gift from Trog
 23064 | Lair:5   | Reached skill level 16 in Armour
 23279 | Lair:5   | Reached skill level 15 in Fighting
 23357 | Lair:5   | Reached skill level 15 in Axes
 23919 | Lair:5   | Reached skill level 17 in Armour
 23932 | Lair:5   | HP: 1/127 [death yak (15)]
 25325 | Lair:5   | Reached XP level 14. HP: 119/136 MP: 13/13
 25460 | Lair:6   | Entered Level 6 of the Lair of Beasts
 25771 | Lair:5   | Reached skill level 18 in Armour
 26371 | Lair:6   | Found a staircase to the Slime Pits.
 27818 | Lair:6   | Got a scorched wooden ring
 27862 | Lair:6   | Identified the ring "Jamof" {rF+ rN+} (You found it on
                  | level 6 of the Lair of Beasts)
 28090 | Lair:6   | Cast into level 3 of the Abyss (unwielding a weapon of
                  | distortion)
 28125 | Lair:6   | Escaped the Abyss
 28854 | D:9      | Received a gift from Trog
 28894 | D:9      | Found a staircase to the Orcish Mines.
 29243 | D:9      | Found a hide-covered altar of Uskayaw.
 29561 | Orc:1    | Entered Level 1 of the Orcish Mines
 29755 | Orc:1    | Reached ****** piety under Trog
 29926 | Orc:1    | Received a gift from Trog
 30021 | Orc:1    | Noticed Erolcha
 30026 | Orc:1    | Killed Erolcha
 30144 | Orc:2    | Entered Level 2 of the Orcish Mines
 30278 | Orc:2    | Reached skill level 19 in Armour
 30604 | Orc:2    | Found Plog's Assorted Antiques.
 30607 | Orc:2    | Received a gift from Trog
 30624 | Orc:2    | Bought a scroll labelled RUZAGEA ROSABIU for 29 gold pieces
 30633 | Orc:2    | Found Wourghupt's General Store.
 30762 | Orc:2    | Found a roughly hewn altar of Beogh.
 30828 | Orc:2    | Found Geow Luc's Antique Armour Shop.
 30828 | Orc:2    | Found Niru's Magic Scroll Emporium.
 30852 | Orc:2    | Bought a scroll of acquirement for 884 gold pieces
 30852 | Orc:2    | Bought a scroll of magic mapping for 59 gold pieces
 30852 | Orc:2    | Acquired the amulet "Xirru" {rElec Regen+ Str+2 Int-4
                  | Stlth+}
 31147 | Orc:2    | Found a staircase to the Elven Halls.
 31506 | Elf:1    | Entered Level 1 of the Elven Halls
 31868 | Shoals:1 | Entered Level 1 of the Shoals
 32075 | Lair:2   | Reached XP level 15. HP: 147/147 MP: 14/14
 32415 | Spider:1 | Entered Level 1 of the Spider Nest
 33581 | Spider:1 | Received a gift from Trog
 34337 | Spider:2 | Reached skill level 20 in Armour
 35400 | Spider:3 | Received a gift from Trog
 35412 | Spider:3 | Got a bloodstained lajatang {god gift}
 35501 | Spider:3 | Reached XP level 16. HP: 143/159 MP: 15/15
 35956 | Spider:4 | Entered Level 4 of the Spider Nest
 35959 | Spider:4 | Noticed Arachne
 36423 | Spider:3 | Killed Arachne
 37168 | Spider:4 | Identified the +5 lajatang of Piegha {vorpal, rN+} (Trog
                  | gifted it to you on level 3 of the Spider Nest)
 37872 | Spider:4 | Reached skill level 21 in Armour
 38242 | Spider:4 | HP: 3/161 [emperor scorpion (10)]
 38683 | Spider:4 | Got a gossamer rune of Zot
 38873 | Lair:1   | Reached XP level 17. HP: 169/169 MP: 16/16
 38922 | D:10     | Entered Level 10 of the Dungeon
 39704 | D:11     | Received a gift from Trog
 40037 | D:11     | Noticed Josephine
 40046 | D:11     | Killed Josephine
 40047 | D:11     | Reached XP level 18. HP: 178/178 MP: 17/17
 40452 | D:12     | Noticed Kirke
 40529 | D:12     | Killed Kirke
 40661 | D:12     | Noticed Nessos
 40847 | D:12     | Killed Nessos
 40885 | D:12     | Found Ophituun's Antique Armour Shop.
 40900 | D:12     | Found Vidal's Assorted Antiques.
 40914 | D:12     | Bought a potion of curing for 87 gold pieces
 40914 | D:12     | Bought a wand of digging (1) for 232 gold pieces
 40914 | D:12     | Bought a pair of embroidered gloves for 217 gold pieces
 40983 | D:12     | Reached skill level 22 in Armour
 41095 | D:13     | Found Peamp's Armour Emporium.
 41095 | D:13     | Found Liuret's Magic Scroll Shop.
 41173 | D:13     | Bought a scroll of teleportation for 36 gold pieces
 41173 | D:13     | Bought 2 scrolls of teleportation for 72 gold pieces
 41173 | D:13     | Bought a scroll of blinking for 90 gold pieces
 41226 | D:13     | Found Ypeheor's Weapon Shoppe.
 41379 | D:13     | Found a gate to the Vaults.
 41398 | Vaults:1 | Entered Level 1 of the Vaults
 41477 | D:13     | Found Myar's Antique Armour Shoppe.
 41610 | D:14     | Found Hojog's Book Boutique.
 41959 | D:14     | Found a roughly hewn altar of Beogh.
 41974 | D:14     | Received a gift from Trog
 42355 | D:14     | Noticed Frances
 42363 | D:14     | Killed Frances
 42473 | D:15     | Entered Level 15 of the Dungeon
 42473 | D:15     | Noticed Agnes
 42479 | D:15     | Killed Agnes
 43030 | D:15     | Noticed Roxanne
 43050 | D:15     | Killed Roxanne
 43242 | D:15     | Received a gift from Trog
 43286 | D:15     | Found a staircase to the Depths.
 43425 | D:15     | Found a roughly hewn altar of Beogh.
 43685 | D:15     | Found Utin Leu's Gadget Shoppe.
 44167 | Elf:1    | Received a gift from Trog
 44168 | Elf:1    | Lost intelligence.
 46134 | Elf:2    | Reached XP level 19. HP: 189/189 MP: 18/18
 46161 | Elf:2    | Found a runed translucent gate.
 46162 | Elf:2    | Found a runed translucent gate.
 46188 | Elf:2    | Received a gift from Trog
 46193 | Elf:2    | Found a runed translucent gate.
 46195 | Elf:2    | Reached skill level 23 in Armour
 46553 | Elf:3    | Entered Level 3 of the Elven Halls
 46569 | Elf:3    | Found Walam's Book Shoppe.
 46683 | Elf:3    | Found Byvvirph's Antique Weapon Shop.
 46894 | Elf:3    | Noticed a Brimstone Fiend
 46896 | Elf:3    | HP: 9/190 [balrug/bolt of fire[a deep elf demonologist]
                  | (4)]
 46896 | Elf:3    | Killed from afar by a deep elf high priest

Illustrated notes

Levels and vault maps discovered:
D:1:      lordsloth_arrival_two_stooges, layout_basic
D:2:      layout_rooms, old_standard_altar, uniq_jessica
D:3:      layout_basic, grunt_temple_overflow_cloverleaf
D:4:      layout_loops_ring, uniq_grinder, uniq_edmund
D:5:      layout_loops_ring, serial_shops, shop, uniq_duvessa,
          uniq_blork_the_orc
D:6:      layout_cave_pools, serial_shops, nicolae_shop_trees
D:7:      layout_layer_cave, lemuel_coloured_pillars_altar,
          minmay_temple_entry_large_hall, minmay_shop_enchanted_jewellery,
          uniq_joseph
D:8:      layout_basic, erik_lair_island, trog_ov_bears_minmay, uniq_psyche
D:9:      layout_irregular_city, erik_orc_4, basic_altar, serial_shops,
          kennysheep_mini
D:10:     layout_loops_ring, st_stairs_12
D:11:     layout_long_grid, uniq_josephine
D:12:     layout_rooms, serial_shops, nicolae_shop_behind_doors,
          nicolae_shop_overgrown_old_shop, uniq_nessos, uniq_kirke
D:13:     layout_rooms, david_vaults_2, serial_shops, shop_fountains,
          nicolae_shop_crystal, shop, shop_statue
D:14:     layout_roguey [special_room_orc], serial_shops, shop,
          minmay_crystal_room, uniq_frances
D:15:     gammafunk_enter_depths_forms, layout_long_grid, special_room
          [special_room_orc], corexii_corridor_pit, serial_shops,
          shop_fountains, uniq_roxanne, uniq_agnes
Temple:   eino_temple_scatter_basement
Lair:1:   layout_big_grid, infiniplex_staircase_pool, grunt_megastairs_3,
          uniq_erica
Lair:2:   minmay_lair_venomous_thicket, layout_cellular_growth,
          shoals_dummy_entry, spider_nest_entry_rubble,
          portal_ice_cave_entry_imps, ldierk_geyser,
          chequers_serial_rivers_small_a
Lair:3:   gammafunk_indiana_jones, layout_cave_pods
Lair:4:   layout_cave_shapes, serial_bayou_shore_a, grunt_megastairs_2
Lair:5:   layout_cave_shapes, grunt_megastairs_4, infiniplex_staircase_pool_2,
          minmay_lair_oklob_chamber
Lair:6:   gammafunk_lair_ancient_temple, layout_misc_corridors,
          nicolae_slime_entry_slimehenge
Shoals:1: layout_shoals, ebering_ghost_davey_jones, centaur_isle
Spider:1: layout_spider_delve, hive_lemuel
Spider:2: layout_spider_delve
Spider:3: layout_spider_delve
Spider:4: spider_rune_water, uniq_arachne
Orc:1:    layout_caves, uniq_erolcha
Orc:2:    st_orc_town, layout_caves
Elf:1:    eino_elf_arrival_customs, layout_loops_corners, minmay_elf_demonology
Elf:2:    layout_loops_cross, minmay_fountain_box
Elf:3:    minmay_elf_hall_x, layout_loops_corners, gammafunk_ghost_arena,
          serial_shops, nicolae_shop_temple_entry_statues_fountains,
          nicolae_shop_waterfront, shop, shop
Vaults:1: vaults_room_door_ring, v_misc_4, nicolae_vaults_ring_of_whatevers,
          v_misc_12, grunt_vaults_twisty, v_pattern_1, v_rooms_5,
          vaults_mumra_minichess_inversion, vaults_mumra_lcd,
          ontoclasm_vaults_hangar, ontoclasm_vaults_twist, layout_vaults_ring

Skill      XL: |  1  2  3  4  5  6  7  8  9 10 11 12 13 14 15 16 17 18 19 |
---------------+----------------------------------------------------------+-----
Fighting       | 4 5 6 8 9 11 13 14 15 17 18 19 21 | 21.5
Axes           | 4 5 6 7 9 11 13 14 15 17 18 19 21 | 21.5
Armour         | 3 4 5 6 7 9 11 12 15 17 19 20 21 22 23 | 23.0
Dodging        | 3 4 5 6 7 |  7.0
Stealth        | 1 3 |  3.0

Action                   |  1- 3 |  4- 6 |  7- 9 | 10-12 | 13-15 | 16-18 | 19-21 || total
-------------------------+-------+-------+-------+-------+-------+-------+-------++-------
Melee: Hand axe          |    58 |    45 |       |   443 |       |       |       ||   546
       Headbutt          |     8 |    15 |    49 |   248 |   229 |   162 |    23 ||   734
       Whip              |       |    55 |       |   239 |    61 |       |       ||   355
       Flail             |       |     4 |   237 |       |       |       |       ||   241
       War axe           |       |       |    21 |     7 |       |       |       ||    28
       Scimitar          |       |       |       |    53 |     3 |       |       ||    56
       Battleaxe         |       |       |       |       |   453 |       |       ||   453
       Executioner's axe |       |       |       |       |   427 |   655 |    62 ||  1144
Invok: Berserk           |     1 |     3 |     2 |     8 |     1 |     1 |       ||    16
       Brothers in Arms  |       |       |       |     3 |     3 |     2 |       ||     8
Evoke: Wand              |       |       |       |    14 |    16 |     8 |       ||    38
  Use: Scroll            |     2 |     3 |     6 |    16 |    14 |    11 |       ||    52
       Potion            |       |       |       |     1 |     1 |     8 |       ||    10
 Stab: Sleeping          |       |       |     1 |       |       |       |       ||     1
       Distracted        |       |       |       |     1 |       |     1 |       ||     2
       Petrified         |       |       |       |       |     2 |       |       ||     2
Armor: Animal skin       |    11 |     1 |       |       |       |       |       ||    12
       Leather armour    |       |    22 |    29 |       |       |       |       ||    51
       Robe              |       |       |    31 |    28 |       |       |       ||    59
       Troll leather arm |       |       |       |    16 |       |       |       ||    16
       Chain mail        |       |       |       |    70 |       |       |       ||    70
       Ring mail         |       |       |       |    68 |       |       |       ||    68
       Plate armour      |       |       |       |    50 |   891 |   880 |    60 ||  1881
Dodge: Dodged            |    35 |    81 |   206 |   442 |   790 |   577 |    46 ||  2177
       Rpst.: Scimitar   |       |       |       |     8 |     1 |       |       ||     9
